 Dungeon Crawl Stone Soup version 0.26-a0-707-g31817bcca1 (webtiles) character file.

Game seed: 1217062438228022994

197 dickylongcocking the Digger (level 5, 0/37 HPs)
             Began as a Demonspawn Wanderer on Oct 26, 2020.
             Slain by Pikel
             ... wielding a +2 whip of flaming
              (9 damage)
             ... on level 4 of the Dungeon.
             The game lasted 00:03:32 (3635 turns).

dickylongcocking the Digger (Demonspawn Wanderer)   Turns: 3635, Time: 00:03:33

Health: 0/37       AC:  2    Str:  8    XL:     5   Next: 46%
Magic:  13/19      EV: 16    Int: 19    God:
Gold:   161        SH:  0    Dex: 12    Spells: 7/11 levels left

rFire    . . .     SeeInvis .   a - +0 dagger
rCold    . . .     Faith    .   (no shield)
rNeg     . . .     Spirit   .   d - +0 robe
rPois    .         Reflect  .   (helmet restricted)
rElec    .         Harm     .   (no cloak)
rCorr    .         Rampage  .   (no gloves)
MR       .....                  (no boots)
Stlth    ++........             (no amulet)
HPRegen  0.12/turn              k - +4 ring of evasion
MPRegen  0.16/turn              c - ring of magical power

@: mighty
A: horns 1, powered by death 1
a: no special abilities


You were on level 4 of the Dungeon.
You visited 1 branch of the dungeon, and saw 4 of its levels.

You collected 161 gold pieces.

Inventory:

Hand Weapons
 a - a +0 dagger (weapon)
Armour
 d - a +0 robe (worn)
Jewellery
 c - a ring of magical power (right hand)
 k - a +4 ring of evasion (left hand)
Scrolls
 e - a scroll of fog {unknown}
 f - 2 scrolls of remove curse {unknown}
 g - 4 scrolls of identify {unknown}
 m - a scroll of random uselessness {unknown}
 n - 3 scrolls of immolation {unknown}
Potions
 b - 2 potions of cancellation {unknown}
 i - a potion of stabbing
 j - a potion of might
 l - a potion of resistance {unknown}


   Skills:
 - Level 1.4 Fighting
   Level 1.0 Staves
 - Level 1.2 Dodging
 - Level 1.5 Stealth
 + Level 3.5 Spellcasting
 * Level 1.8 Conjurations
 * Level 3.9 Earth Magic
   Level 1.0 Evocations


You had 7 spell levels left.
You knew the following spells:

 Your Spells              Type           Power        Failure   Level
a - Sandblast             Erth           ###...       2%          1
b - Stone Arrow           Conj/Erth      ##....       13%         3

Your spell library contained the following spells:

 Spells                   Type           Power        Failure   Level
 Magic Dart               Conj           ##..         7%          1
 Foxfire                  Conj/Fire      #...         10%         1
 Blink                    Tloc           N/A          22%         2
 Call Imp                 Summ           #.......     22%         2
 Slow                     Hex            #.......     22%         2
 Conjure Flame            Conj/Fire      #.......     30%         3
 Mephitic Cloud           Conj/Pois/Air  #.......     32%         3
 Inner Flame              Hex/Fire       #.......     41%         3


Dungeon Overview and Level Annotations

Branches:
Dungeon (4/15)
 Temple: D:4-7

Altars:
Elyvilon
Ru
Uskayaw
Vehumet
Wu Jian
The Shining One

Annotations:
D:4 Pikel


Innate Abilities, Weirdness & Mutations

You have a pair of small horns on your head.
You regenerate a little health from kills.


Message History

The lemure shouts!
Pikel hits you with a +2 whip of flaming!
Pikel burns you.
You puncture Pikel! Your headbutt misses Pikel.
Pikel is lightly wounded.
Pikel hits you with a +2 whip of flaming!
* * * LOW HITPOINT WARNING * * *
Pikel burns you.
* * * LOW HITPOINT WARNING * * *
Unknown command.
Okay, then.
A worker ant comes into view.
Your magical contamination has completely faded away.
Okay, then.
Press: ? - help, v - describe, . - travel
Here: Pikel, wielding a +2 whip of flaming and wearing a +0 robe (lightly wounded)
The floor.
You feel better.
Pikel hits you with a +2 whip of flaming!
You die...

...........##..###.......
.....##........##........
.....#..###..............
.........#...............
........#.....#.....###..
##.....##.....#.....# ..
#..................# .
........#####.......
.......@K#.##.....##
....#....55....#...# #..
#..####O..##...# #....(.
##..B....##
#.......#.........#.
....................
...........5........
....................
....##........##


You could see Pikel, an ogre, 2 lemures and a worker ant.

Vanquished Creatures
  A lemure (D:3)
  A hound (D:3)
  2 worker ants (D:4)
  4 adders
  An adder zombie (D:2)
  An adder skeleton (D:2)
  3 worms
  A dart slug (D:2)
  3 leopard geckos
  2 orcs (D:3)
  A ball python (D:1)
  3 giant cockroaches
  7 goblins
  A hobgoblin (D:2)
  3 jackals (D:2)
  7 kobolds
  A quokka (D:4)
  2 ball python skeletons (D:2)
  9 bats
  7 frilled lizards
  A giant cockroach zombie (D:2)
  A leopard gecko skeleton (D:3)
  8 rats
70 creatures vanquished.

Notes
Turn   | Place    | Note
-------+----------+-------------------------------------------
     0 | D:1      | dickylongcocking the Demonspawn Wanderer began the quest
                  | for the Orb.
     0 | D:1      | dickylongcocking set off with the following items: a +0
                  | dagger, a +0 robe; and the following spells available to
                  | memorise: Sandblast, Foxfire, Magic Dart, Blink, Call Imp,
                  | Slow, Stone Arrow, Conjure Flame, Inner Flame, Mephitic
                  | Cloud
     0 | D:1      | Reached XP level 1. HP: 15/15 MP: 3/3
    78 | D:1      | Learned a level 1 spell: Sandblast
   241 | D:1      | Gained mutation: You have a pair of small horns on your
                  | head. [demonic ancestry]
   241 | D:1      | Reached XP level 2. HP: 21/21 MP: 3/5
  1160 | D:2      | Reached XP level 3. HP: 23/26 MP: 6/6
  1597 | D:2      | Reached XP level 4. HP: 30/32 MP: 4/8
  1633 | D:2      | Found a sacrificial altar of Ru.
  2464 | D:3      | Learned a level 3 spell: Stone Arrow
  2664 | D:3      | Found a white marble altar of Elyvilon.
  2664 | D:3      | Found a hide-covered altar of Uskayaw.
  2666 | D:3      | Found an ornate altar of the Wu Jian Council.
  2668 | D:3      | Found a glowing golden altar of the Shining One.
  2669 | D:3      | Found a radiant altar of Vehumet.
  3259 | D:4      | Noticed a lemure
  3260 | D:4      | Noticed Pikel
  3277 | D:3      | Reached skill level 1 in Conjurations
  3277 | D:3      | Gained mutation: You regenerate a little health from kills.
                  | [demonic ancestry]
  3277 | D:3      | Reached XP level 5. HP: 17/37 MP: 10/10
  3282 | D:3      | Killed a lemure
  3615 | D:4      | Noticed a lemure
  3616 | D:4      | Noticed a lemure
  3630 | D:4      | Noticed an ogre
  3631 | D:4      | Noticed a lemure
  3635 | D:4      | Slain by Pikel

Illustrated notes

Levels and vault maps discovered:
D:1:      dpeg_arrival_simpleton_c, layout_basic, minivault_27,
          minmay_small_reverse_x
D:2:      minmay_evil_eye, layout_loops_ring, old_standard_altar, serial_undead,
          serial_undead_a, serial_undead_f, serial_undead_f, serial_undead_e
D:3:      layout_loops_corners, minitemple, small_statue_intersection
D:4:      layout_cave_pools, gup_sewer_entry_spiral, kennysheep_cluttered_room,
          minmay_misc_feat_five, minmay_ruptured, uniq_pikel

Skill      XL: |  1  2  3  4 |
---------------+-------------+-----
Earth Magic    | 3 |  3.9
Spellcasting   | 3 |  3.5
Conjurations   | 1 |  1.8
Fighting       | |  1.4
Staves         | |  1.0
Dodging        | |  1.2
Stealth        | |  1.5
Evocations     | |  1.0

Action                   |  1- 3 |  4- 6 || total
-------------------------+-------+-------++-------
Melee: Dagger            |    53 |    55 ||   108
       Headbutt          |     5 |    10 ||    15
 Cast: Sandblast         |    49 |    22 ||    71
       Stone Arrow       |       |     4 ||     4
  Use: Potion            |     1 |     5 ||     6
 Stab: Sleeping          |     1 |     2 ||     3
Armor: Robe              |    14 |     7 ||    21
Dodge: Dodged            |    59 |    44 ||   103

Table legend: (Time is in decaauts)
 A = Elapsed time spent in this place.
 B = Non-inter-level travel time spent in this place.
 C = Inter-level travel time spent in this place.
 D = Time resting spent in this place.
 E = Time spent auto-exploring this place.
 F = Levels seen in this place.
 G = Mean time per level.
                   A        B        C        D        E       F      G
               +--------+--------+--------+--------+--------+-----+--------+
         Total |   3636 |   3568 |     68 |    398 |   2710 |   4 |  909.0 |
       Dungeon |   3636 |   3568 |     68 |    398 |   2710 |   4 |  909.0 |
               +--------+--------+--------+--------+--------+-----+--------+

Top non-repeatable levels by time:
     D:3: 1378 daAuts
     D:1: 1123 daAuts
     D:2: 1022 daAuts
     D:4: 112 daAuts
